 Dungeon Crawl Stone Soup version 0.30.1-4-g462c640d31 (webtiles) character file.

Game seed: 4884989753559870453

5444 Jerry the Basher (level 10, -5/153 HPs)
             Began as a Troll Berserker on Sept 9, 2023.
             Was an Elder of Trog.
             Slain by a centaur warrior
             ... wielding a +4 trident
              (15 damage)
             ... on level 9 of the Dungeon.
             The game lasted 00:17:28 (7262 turns).

Jerry the Basher (Troll Berserker)                  Turns: 7262, Time: 00:17:28

Health: -5/153     AC:  5    Str: 30    XL:     10   Next: 41%
Magic:  9/9        EV: 11    Int: 10    God:    Trog [****..]
Gold:   548        SH:  0    Dex:  9    Spells: 9/9 levels left

rFire   . . .        k - +12 mace of Freehold {venom, Str+3 Int+3}
rCold   . . .        (no shield)
rNeg    . . .        b - +0 animal skin
rPois   .            (helmet restricted)
rElec   .            i - +0 cloak
rCorr   .            (gloves unavailable)
SInv    .            (boots unavailable)
Will    ++...        (no amulet) Stlth
                     h - +4 ring of protection
HPRegen 2.25/turn    (no ring)
MPRegen 0.11/turn

%: no passive effects
@: berserking, strong-willed, corroded, regenerating, studying Short Blades,
very quick
A: large, unfitting armour, claws 3, regeneration 1, shaggy fur 1, tough skin 1
a: Renounce Religion, Berserk, Trog's Hand, Brothers in Arms


You were on level 9 of the Dungeon.
You worshipped Trog.
Trog was greatly pleased with you.
You visited 2 branches of the dungeon, and saw 11 of its levels.

You collected 548 gold pieces.

Inventory:

Hand Weapons
 a - a +0 mace
 j - a +0 whip of venom
 k - the +12 mace of Freehold (weapon) {venom, Str+3 Int+3}
   (You found it on level 3 of the Dungeon)

   Str:       It affects your strength (+3).
   Int:       It affects your intelligence (+3).
Missiles
 c - 6 atropa-tipped darts (quivered)
 f - a throwing net
Armour
 b - a +0 animal skin (worn)
 i - a +0 cloak (worn)
Jewellery
 h - a +4 ring of protection (left claw)
 B - an amulet of magic regeneration
 D - a +5 ring of evasion
 F - a +6 ring of intelligence
 K - an amulet of guardian spirit
Wands
 v - a wand of polymorph (15)
 A - a wand of mindburst (11)
 G - a wand of charming (12)
Scrolls
 d - 2 scrolls of silence
 o - 2 scrolls of fear {unknown}
 r - a scroll of butterflies {unknown}
 t - 2 scrolls of poison {unknown}
 u - 6 scrolls of identify
 w - a scroll of magic mapping {unknown}
 x - a scroll of enchant weapon {unknown}
 y - 2 scrolls of blinking {unknown}
 z - 3 scrolls of fog {unknown}
 C - a scroll of enchant armour {unknown}
 E - 2 scrolls of teleportation
 I - a scroll of brand weapon {unknown}
 J - a scroll of vulnerability {unknown}
Potions
 e - a potion of haste
 g - 2 potions of attraction {unknown}
 l - 4 potions of degeneration {unknown}
 m - a potion of might {unknown}
 n - 4 potions of lignification {unknown}
 p - 2 potions of magic {unknown}
 q - a potion of invisibility {unknown}
 s - 7 potions of curing {unknown}
 H - a potion of mutation {unknown}


   Skills:
 + Level 7.3 Fighting
 + Level 8.1 Maces & Flails
 + Level 7.4 Dodging
 + Level 4.5 Evocations


You had 9 spell levels left.
You didn't know any spells.
Your spell library was empty.

Dungeon Overview and Level Annotations

Branches:
Dungeon (10/15)            Temple (1/1) D:4            Lair (0/5) D:8
    Orc: D:9-12

Altars:
Ashenzari
Dithmenos
Elyvilon
Fedhas
Gozag
Hepliaklqana
Kikubaaqudgha
Makhleb
Nemelex Xobeh
Okawaru
Ru
Sif Muna
Trog
Uskayaw
Vehumet
Wu Jian
Xom
Yredelemnul
Zin

Shops:
D:8 [:


Innate Abilities, Weirdness & Mutations

You are too large for most types of armour.
You have claws for hands.
Your natural rate of healing is unusually fast.
You are covered in fur. (AC +1)
You have tough skin. (AC +1)


Message History

The centaur warrior kicks you but does no damage.
The acid dragon completely misses you. The acid dragon closely misses you.
You hit the centaur warrior.
The centaur warrior looks as sick as possible!
The centaur warrior is heavily wounded.
The centaur warrior hits you with a +4 trident.
The centaur warrior kicks you but does no damage.
The acid dragon bites you! The acid dragon barely misses you.
The centaur warrior hits you with a +4 trident!
The centaur warrior kicks you.
You hit the centaur warrior.
The centaur warrior looks as sick as possible!
The centaur warrior is heavily wounded.
The centaur warrior hits you with a +4 trident!
* * * LOW HITPOINT WARNING * * *
The centaur warrior kicks you but does no damage.
The acid dragon misses you. x2
You sock the centaur warrior!
The centaur warrior looks as sick as possible!
The centaur warrior is almost dead.
The centaur warrior hits you with a +4 trident.
* * * LOW HITPOINT WARNING * * *
The centaur warrior barely misses you. The acid dragon barely misses you.
The acid dragon claws you.
* * * LOW HITPOINT WARNING * * *
The centaur warrior hits you with a +4 trident!
* * * LOW HITPOINT WARNING * * *
The centaur warrior kicks you.
* * * LOW HITPOINT WARNING * * *
Your skin crawls.
You feel strong-willed. The centaur warrior barely misses you.
The centaur warrior completely misses you.
The acid dragon spits acid at you. The splash of acid misses you.
Unknown command.
A red film seems to cover your vision as you go berserk!
You feel yourself moving faster!
You feel mighty!
The centaur warrior hits you with a +4 trident!
You die...

####### ### # #.....# #.. .##
#.....##### ###.. ..#
#.........# #.... #.#
#@........# #.... . #.#
#DcY......# #.... .. #.#
###Y......?.# #.... #._
#.####.g.........####.... D..
###Y.....##........##...##. #..
#..Yg######.........).#.#..
#...#..### #.............#.#
#'..# ............##....
#..........YY.##...............#


You could see a centaur warrior (extremely poisoned), 2 yaks, an acid dragon and
a hobgoblin (slow).

Vanquished Creatures
  A two-headed ogre (D:8)
  A deep elf pyromancer (D:8)
  A vampire (D:8)
  Sigmund (D:2)
  5 yaks
  A wyvern (D:8)
  Eustachio (D:4)
  A steam dragon (D:6)
  An acid dragon (D:7)
  2 water moccasins
  An ice beast (D:6)
  2 orc warriors
  3 black bears
  4 sky beasts
  5 centaurs
  Blork the orc (D:4)
  3 bullfrogs
  A gnoll sergeant (D:9)
  2 scorpions
  3 howler monkeys
  3 hounds
  5 orc priests
  2 gnoll boudas
  2 iguanas
  4 orc wizards
  19 gnolls
  9 adders
  A shadow imp (D:5)
  2 ufetubi (D:4)
  A worm (D:3)
  2 dart slugs
  19 orcs
  8 ball pythons
  7 endoplasms
  3 giant cockroaches
  4 hobgoblins
  8 kobolds
  3 quokkas (D:4)
  3 bats
  4 frilled lizards
  8 goblins
  5 rats
162 creatures vanquished.

Notes
Turn   | Place    | Note
-------+----------+-------------------------------------------
     0 | D:1      | Jerry the Troll Berserker began the quest for the Orb.
     0 | D:1      | Reached XP level 1. HP: 22/22 MP: 0/0
   210 | D:1      | Reached XP level 2. HP: 27/29 MP: 1/1
   356 | D:1      | Reached skill level 3 in Maces & Flails
  1165 | D:2      | Reached XP level 3. HP: 36/36 MP: 2/2
  1292 | D:2      | Noticed Sigmund
  1316 | D:2      | Killed Sigmund
  1317 | D:2      | Reached XP level 4. HP: 45/45 MP: 3/3
  1317 | D:2      | Reached XP level 5. HP: 53/53 MP: 4/4
  1406 | D:2      | Found a faded altar of an unknown god.
  1869 | D:3      | Identified the +12 mace of Freehold {venom, Str+3 Int+3}
  1926 | D:3      | Reached ** piety under Trog
  2010 | D:3      | Reached skill level 4 in Maces & Flails
  2055 | D:3      | Reached XP level 6. HP: 47/62 MP: 5/5
  3040 | D:4      | Noticed Eustachio
  3050 | D:4      | Killed Eustachio
  3051 | D:4      | Reached XP level 7. HP: 65/71 MP: 6/6
  3178 | D:4      | Noticed Blork the orc
  3182 | D:4      | Killed Blork the orc
  3183 | D:4      | Reached skill level 5 in Maces & Flails
  3187 | D:4      | Reached *** piety under Trog
  3204 | D:4      | Found a staircase to the Ecumenical Temple.
  3407 | D:4      | Noticed a yak
  3418 | D:4      | Killed a yak
  3691 | Temple   | Entered the Ecumenical Temple
  3784 | D:5      | Entered Level 5 of the Dungeon
  3798 | D:5      | Reached skill level 5 in Fighting
  3798 | D:5      | Reached skill level 5 in Dodging
  3813 | D:5      | Found an opulent altar of Gozag.
  3842 | D:5      | Reached XP level 8. HP: 72/80 MP: 7/7
  4458 | D:6      | Found a shimmering altar of Xom.
  4535 | D:6      | Found a white marble altar of Elyvilon.
  4558 | D:6      | Reached skill level 6 in Maces & Flails
  4558 | D:6      | Reached skill level 1 in Evocations
  5389 | D:7      | Reached XP level 9. HP: 42/89 MP: 8/8
  5956 | D:7      | Reached **** piety under Trog
  6002 | D:8      | Noticed a deep elf pyromancer
  6007 | D:8      | Killed a deep elf pyromancer
  6008 | D:8      | Reached skill level 7 in Maces & Flails
  6083 | D:8      | Found a staircase to the Lair.
  6305 | D:8      | Found Larorego's Book Shop.
  6484 | D:8      | Found a shimmering blue altar of Sif Muna.
  6578 | D:8      | Found Asyun's Antique Armour Shoppe.
  6679 | D:9      | Noticed a two-headed ogre
  6687 | D:8      | Reached XP level 10. HP: 49/100 MP: 9/9
  6741 | D:8      | Killed a two-headed ogre
  6869 | D:8      | Reached skill level 8 in Maces & Flails
  7128 | D:9      | Found a broken altar of Ashenzari.
  7189 | D:9      | Found a sacrificial altar of Ru.
  7189 | D:9      | Noticed a centaur warrior
  7203 | D:10     | Entered Level 10 of the Dungeon
  7260 | D:9      | HP: 4/102 [centaur warrior/+4 trident (10)]
  7262 | D:9      | Slain by a centaur warrior

Illustrated notes

Levels and vault maps discovered:
D:1:      sevenhm_arrival_forest_fort_small_5, layout_loops_corners
D:2:      layout_loops_ring, serial_bayou, serial_bayou_crossing,
          serial_bayou_lake_a, serial_bayou_ford_a, serial_bayou_lagoon_a,
          hellmonk_ecumenical_altar_inner_sanctum,
          hangedman_decor_clover_reticule, uniq_sigmund
D:3:      layout_basic
D:4:      layout_basic, minmay_temple_entry_fiery, serial_glass,
          glass_columns_b, glass_columns_a, minmay_manual_mullet,
          uniq_blork_the_orc, uniq_eustachio
D:5:      layout_cave_pools, lemuel_doored_altar
D:6:      layout_loops_cross, mainiacjoe_overflow_cross_hatched,
          elyvilon_altar_4, serial_co_window_serial, co_window_corner_a,
          co_window_paths_a, co_window_paths_a, co_window_paths_a,
          co_window_cross_1, co_window_broadway_a, co_window_cross_2,
          co_window_cross_2, co_window_broadway_a, glass_columns_a,
          glass_columns_a, glass_columns_c, glass_columns_a, glass_columns_b
D:7:      layout_basic
D:8:      layout_rooms, nicolae_overflow_crystal_walls, dpeg_oklobed_lair,
          serial_shops, shop, shop, roderic_serpentine_path
D:9:      layout_rooms, nicolae_ashenzari_panopticon,
          nicolae_ru_great_annihilating_truth, dk_noncrumbling_2
D:10:     minmay_curly_fans, layout_basic, nicolae_qazlal_eye_of_the_storm,
          mainiacjoe_overflow_small_starburst,
          mainiacjoe_overflow_six_doors_small, minmay_shop_mass, uniq_harold
Temple:   nicolae_temple_ecumenical_triangle

Skill      XL: |  1  2  3  4  5  6  7  8  9 10 |
---------------+-------------------------------+-----
Maces & Flails | 3 4 5 6 7 8 |  8.1
Fighting       | 3 4 5 6 7 |  7.3
Dodging        | 3 4 5 6 7 |  7.4
Evocations     | 2 3 4 |  4.5

Action                     |  1- 3 |  4- 6 |  7- 9 | 10-12 || total
---------------------------+-------+-------+-------+-------++-------
  Melee: Mace              |    33 |    80 |   192 |    51 ||   356
         Whip              |    59 |    37 |       |       ||    96
         Punch             |     1 |     1 |     3 |     3 ||     8
  Throw: Dart              |     4 |       |       |       ||     4
 Invoke: Berserk           |       |       |       |     4 ||     4
         Trog's Hand       |       |       |       |     3 ||     3
    Use: Scroll            |     1 |     5 |       |       ||     6
         Potion            |       |       |     1 |       ||     1
 Armour: Animal skin       |    31 |    51 |   100 |    24 ||   206
  Dodge: Dodged            |    38 |    63 |   107 |    64 ||   272
